 Dungeon Crawl Stone Soup version 0.26.1-11-gd32895ea62 (webtiles) character file.

Game seed: 9316528217902364258

84 vvl the Slasher (level 4, -1/52 HPs)
             Began as a Demonspawn Monk on June 2, 2021.
             Slain by an orc
             ... wielding a +0 falchion
              (5 damage)
             ... on level 3 of the Dungeon.
             The game lasted 00:05:12 (2242 turns).

vvl the Slasher (Demonspawn Monk)                   Turns: 2242, Time: 00:05:13

Health: -1/52      AC:  3    Str:  9 (12) XL:     4   Next: 24%
Magic:  4/4        EV: 13    Int: 11 (12) God:
Gold:   118        SH:  0    Dex: 11 (13) Spells: 3/3 levels left

rFire    . . .     SeeInvis .   a - +0 falchion
rCold    . . .     Faith    .   (no shield)
rNeg     . . .     Spirit   .   m - +0 leather armour (curse)
rPois    .         Reflect  .   (no helmet)
rElec    .         Harm     .   (no cloak)
rCorr    .         Rampage  .   (no gloves)
Will     .....     Clarity  +   (no boots)
Stlth    ..........             (no amulet)
HPRegen  0.17/turn              (no ring)
MPRegen  0.09/turn              (no ring)

@: brilliant, berserking, attractive, flying, very quick
A: talons 2, clarity, clumsy 1, powered by death 1, miasma immunity, sturdy
frame 1
a: no special abilities


You were on level 3 of the Dungeon.
You visited 1 branch of the dungeon, and saw 3 of its levels.

You collected 118 gold pieces.

Inventory:

Hand Weapons
 a - a +0 falchion (weapon)
Missiles
 k - 6 boomerangs (quivered)
Armour
 l - a +0 ring mail
 m - a cursed +0 leather armour (worn)
Jewellery
 o - an uncursed amulet of reflection {unknown}
 q - an uncursed ring of stealth {unknown}
Scrolls
 b - 3 scrolls of identify {unknown}
 g - a scroll of teleportation {unknown}
 h - 2 scrolls of magic mapping {unknown}
 j - a scroll of remove curse {unknown}
 p - a scroll of blinking {unknown}
 r - a scroll of fog {unknown}
Potions
 f - a potion of mutation
 s - a potion of flight


   Skills:
 + Level 3.2 Fighting
 * Level 3.3 Long Blades
 + Level 1.2 Armour
 - Level 3.0 Dodging
 - Level 1.7 Stealth
 * Level 2.1 Necromancy


You had 3 spell levels left.
You didn't know any spells.
Your spell library was empty.

Dungeon Overview and Level Annotations

Branches:
Dungeon (3/15)

Altars:
Gozag


Innate Abilities, Weirdness & Mutations

You regenerate a little health from kills.
You are immune to miasma.
Your movements are slightly less encumbered by armour. (ER -2)
You have razor-sharp toenails.
You possess an exceptional clarity of mind.
You are clumsy. (Dex -2)


Message History

You feel yourself moving faster!
You feel mighty! The orc barely misses you.
The orc priest hits you with a +0 short sword.
* * * LOW HITPOINT WARNING * * *
You hit the orc priest.
The orc priest is lightly wounded.
You hit the orc priest but do no damage.
You claw the orc priest, but do no damage.
The orc priest is lightly wounded.
The orc hits you with a +0 falchion.
* * * LOW HITPOINT WARNING * * *
The orc priest looks satisfied for a moment.
You closely miss the orc priest. Your kick misses the orc priest.
The orc priest is lightly wounded.
The orc priest hits you but does no damage.
The orc barely misses you.
You slash the orc priest!
The orc priest is severely wounded.
The orc priest hits you but does no damage.
The orc hits you with a +0 falchion.
You die...

...........# #.
#.# .#
########.#.# #.
#.# .# #.#.# #.
#.# .# #.#.# #.
#.# .# #.#.#
#.##.##.# #.#.#
#.o...o†###.#
#.#.# #{o..o....#
#.#.#
#o########.#
#.#.# #@# #
##.#.####o###....
#.............#
#..##.≈≈≈≈≈≈..#
#..##.≈≈≈≈≈§..#
#.....≈≈_>≈≈..#
#.....≈≈⌠.≈≈.##
#.....≈≈≈§≈≈.#
#...#.≈≈≈≈≈≈.#


You could see an orc priest and 3 orcs.

Vanquished Creatures
  4 adders
  2 oozes
  A dart slug (D:1)
  3 bats
  2 giant cockroaches (D:1)
  4 goblins
  5 hobgoblins
  3 jackals (D:1)
  6 kobolds
  4 frilled lizards
  5 rats
39 creatures vanquished.

Notes
Turn   | Place    | Note
-------+----------+-------------------------------------------
     0 | D:1      | vvl the Demonspawn Monk began the quest for the Orb.
     0 | D:1      | Reached XP level 1. HP: 18/18 MP: 1/1
   242 | D:1      | Gained mutation: You regenerate a little health from kills.
                  | [demonic ancestry]
   242 | D:1      | Reached XP level 2. HP: 24/24 MP: 2/2
   253 | D:1      | Reached skill level 1 in Necromancy
   363 | D:1      | Gained mutation: You are immune to miasma. [demonic
                  | ancestry]
   363 | D:1      | Reached XP level 3. HP: 29/29 MP: 3/3
   834 | D:2      | Found a faded altar of an unknown god.
  1159 | D:2      | Reached skill level 1 in Armour
  1986 | D:3      | Gained mutation: Your movements are slightly less
                  | encumbered by armour. (ER -2) [demonic ancestry]
  1986 | D:3      | Reached XP level 4. HP: 16/35 MP: 4/4
  2185 | D:3      | Found an opulent altar of Gozag.
  2233 | D:3      | Gained mutation: You have sharp toenails. [potion of
                  | mutation]
  2233 | D:3      | Gained mutation: You possess an exceptional clarity of
                  | mind. [potion of mutation]
  2233 | D:3      | Gained mutation: You are clumsy. (Dex -2) [potion of
                  | mutation]
  2233 | D:3      | Gained mutation: You have razor-sharp toenails. [potion of
                  | mutation]
  2242 | D:3      | Slain by an orc

Illustrated notes

Levels and vault maps discovered:
D:1:      mrwooster_arrival_statue_2, layout_basic
D:2:      layout_loops_ring, chequers_ecumenical_altar_island,
          minmay_door_square
D:3:      layout_loops_ring, lemuel_round_altar, general_overflow_altar,
          kennysheep_generic_room_16, uniq_natasha

Skill      XL: |  1  2  3 |
---------------+----------+-----
Necromancy     | 1 2 |  2.1
Long Blades    | 3 |  3.3
Armour         | 1 |  1.2
Dodging        | 3 |  3.0
Fighting       | |  3.2
Stealth        | |  1.7

Action                   |  1- 3 |  4- 6 || total
-------------------------+-------+-------++-------
Melee: Falchion          |   125 |    21 ||   146
       Kick              |       |     1 ||     1
  Use: Potion            |       |     8 ||     8
 Stab: Distracted        |     1 |       ||     1
       Sleeping          |     1 |       ||     1
Armor: Leather armour    |    27 |     9 ||    36
Dodge: Dodged            |    98 |    34 ||   132
       Rpst.: Falchion   |    22 |     9 ||    31
